[Event "Open Cappelle-la-Grande"]
[Date "2025.02.19"]
[White "Bacrot, Alexandre"]
[Black "Ringuet, Noe"]
[WhiteElo "2423"]
[BlackElo "2239"]
[Round "6.6.14"]
[Result "1/2-1/2"]
[TimeControl "40/5400+30:1800+30"]

1. e4 d6 2. d4 Nf6 3. Nc3 Nbd7 4. f4 Nb6 5. Nf3 d5 6. e5 Ne4 7. Bd3 Bf5 8. O-O Nxc3 9. bxc3 e6 10. Bxf5 exf5 11. e6 fxe6 12. Ng5 Qd7 13. Nxe6 Kf7 14. Ng5+ Kg8 15. Nf3 Bd6 16. Ne5 Bxe5 17. fxe5 Nc4 18. Rb1 b6 19. Qd3 Rf8 20. Bf4 Qe6 21. Rf2 Kf7 22. Rbf1 h5 23. Bg5 g6 24. h3 Ke8 25. Bf6 Rhg8 26. Qg3 Kd7 27. Bh4 Kc8 28. Qg5 Kb7 29. Rf3 a5 30. Rg3 Re8 31. Qh6 Qf7 32. Qc1 Re6 33. Rf2 Qe8 34. Kh2 Ka6 35. Qg5 Rf8 36. Qf4 Qa4 37. Qh6 Qe8 38. Bf6 Rfxf6 39. exf6 Rxf6 40. Qf4 Kb7 41. Qf3 Qc6 42. Qf4 1/2-1/2

[Variant "Standard"]
[Site "Europe Echecs"]

[Event "Open Cappelle-la-Grande"]
[Date "2025.02.19"]
[White "Girel, Joseph"]
[Black "Yordanov, Lachezar"]
[WhiteElo "2484"]
[BlackElo "2352"]
[Round "6.6.15"]
[Result "1-0"]
[TimeControl "40/5400+30:1800+30"]

1. d4 Nf6 2. c4 e6 3. Nf3 d5 4. g3 Be7 5. Bg2 O-O 6. O-O dxc4 7. Qc2 a6 8. a4 Bd7 9. Rd1 Bc6 10. Bg5 Nbd7 11. Nbd2 b5 12. b3 Bb7 13. bxc4 bxc4 14. Rab1 Ra7 15. Rxb7 Rxb7 16. Ne5 Nxe5 17. Bxb7 Qxd4 18. Be3 Qg4 19. Nf3 Bd6 20. Nxe5 Bxe5 21. Bf3 Qg6 22. Qxc4 a5 23. Qc5 Bd6 24. Qxa5 Qc2 25. Rc1 Qa2 26. Qb5 Nd5 27. Bd4 h6 28. a5 c5 29. Bxc5 Rc8 30. Kg2 Qd2 31. Rc4 Bxc5 32. Rxc5 Rd8 33. a6 Qa2 34. Bxd5 exd5 35. Qa5 Qxa5 36. Rxa5 Kf8 37. Kf3 Ke7 38. a7 Ra8 39. Ke3 Kd6 40. Kd4 Kc6 41. Ra2 h5 42. h4 f6 43. Ra3 1-0

[Variant "Standard"]
[Site "Europe Echecs"]

[Event "Open Cappelle-la-Grande"]
[Date "2025.02.19"]
[White "Laurent-Paoli, Pierre"]
[Black "Mannion, Stephen R"]
[WhiteElo "2565"]
[BlackElo "2167"]
[Round "6.6.16"]
[Result "1/2-1/2"]
[TimeControl "40/5400+30:1800+30"]

1. e4 e5 2. Nf3 Nc6 3. Bb5 a6 4. Ba4 Nf6 5. O-O Be7 6. Re1 b5 7. Bb3 d6 8. c3 O-O 9. h3 Na5 10. Bc2 c5 11. d4 Nd7 12. Nbd2 exd4 13. cxd4 Nc6 14. d5 Nce5 15. Nxe5 Nxe5 16. a4 Rb8 17. axb5 axb5 18. f4 Ng6 19. Nf3 Bh4 20. Rf1 Bg3 21. f5 Ne5 22. Ng5 h6 23. f6 gxf6 24. Nf3 Kg7 25. Nxe5 Bxe5 26. Ra7 Bd7 27. Bf4 Ra8 28. Rxa8 Qxa8 29. Qf3 Qd8 30. Qg3+ Kh7 31. Qh4 Rh8 32. Bxe5 dxe5 33. Qxf6 Qxf6 34. Rxf6 Kg7 35. Rd6 Be8 36. b3 c4 37. bxc4 bxc4 38. Kf2 Bb5 39. Rb6 Bd7 40. Ke3 Ra8 41. Kd2 Ra3 42. Rb7 c3+ 43. Ke3 Bc8 44. Rc7 Ba6 45. g4 Bb5 46. h4 Kf6 47. Rb7 Bc4 48. Rb6+ Kg7 49. Rb4 Ba6 50. Bb3 Ra1 51. d6 Bc8 52. Ba4 Bxg4 53. Kd3 c2 54. Bxc2 Ra6 55. Ke3 Rxd6 56. Rb5 Kf6 57. Bb3 Be6 58. Bxe6 Kxe6 59. Ra5 Rb6 60. Kf3 f5 61. exf5+ Kxf5 62. Ra3 h5 63. Ra8 e4+ 64. Ke3 Rb3+ 65. Ke2 Kg4 66. Re8 Rb4 67. Ke3 Kxh4 68. Kf4 Kh3 69. Ra8 h4 70. Ra3+ Kg2 71. Ra2+ Kf1 72. Ra1+ Ke2 73. Ra2+ Kd3 74. Ra3+ Kd4 75. Ra8 h3 76. Rd8+ Kc3 77. Ke3 h2 78. Rc8+ Rc4 79. Rh8 Kb4 1/2-1/2

[Variant "Standard"]
[Site "Europe Echecs"]

[Event "Open Cappelle-la-Grande"]
[Date "2025.02.19"]
[White "Le Goff, Ronan"]
[Black "Eugene, Floryan"]
[WhiteElo "2240"]
[BlackElo "2468"]
[Round "6.6.17"]
[Result "0-1"]
[TimeControl "40/5400+30:1800+30"]

1. Nf3 Nf6 2. d4 g6 3. b3 Bg7 4. Bb2 O-O 5. Nbd2 a5 6. a3 a4 7. b4 d6 8. e3 c5 9. dxc5 dxc5 10. c4 Qb6 11. Bc3 Rd8 12. Qc1 Nc6 13. bxc5 Qxc5 14. Rb1 Bf5 15. Rb5 Qd6 16. c5 Qc7 17. Qb2 Na5 18. Be5 Qc8 19. Nc4 Nxc4 20. Bxc4 Bd7 21. Rxb7 Qxc5 22. Rc7 Qa5+ 23. Qd2 Ne8 24. Qxa5 Rxa5 25. Bg3 Nxc7 26. Bxc7 Rda8 27. Bxa5 Rxa5 28. Ke2 Bb2 29. Rd1 Bc6 30. Nd4 Bxg2 31. f3 Bxa3 32. Nc6 Rc5 33. Rd8+ Kg7 34. Bd5 Bh3 35. Nxe7 Rc2+ 36. Kd3 Bxe7 37. Re8 Rc7 38. Kd4 0-1

[Variant "Standard"]
[Site "Europe Echecs"]

[Event "Open Cappelle-la-Grande"]
[Date "2025.02.19"]
[White "Raja Rithvik R"]
[Black "Iniyan, Pa"]
[WhiteElo "2522"]
[BlackElo "2523"]
[Round "7.7.1"]
[Result "1/2-1/2"]
[TimeControl "40/5400+30:1800+30"]

1. d4 d5 2. c4 c6 3. Nf3 Nf6 4. Nc3 e6 5. cxd5 exd5 6. Bf4 Bd6 7. Bxd6 Qxd6 8. Qb3 Qe7 9. e3 Bf5 10. Nh4 Be6 11. Bd3 Ne4 12. Nf3 Nd6 13. O-O Nd7 14. h3 O-O 15. Qc2 g6 16. Rac1 Bf5 17. Bxf5 Nxf5 18. Rfe1 Nd6 19. Nd2 Rfe8 20. a3 a5 1/2-1/2

[Variant "Standard"]
[Site "Europe Echecs"]

[Event "Open Cappelle-la-Grande"]
[Date "2025.02.19"]
[White "Abergel, Thal"]
[Black "Bauer, Christian"]
[WhiteElo "2419"]
[BlackElo "2548"]
[Round "7.7.2"]
[Result "1/2-1/2"]
[TimeControl "40/5400+30:1800+30"]

1. e4 Nc6 2. d4 d5 3. e5 f6 4. f4 Nh6 5. c3 Bf5 6. Nf3 e6 7. Be3 Be7 8. Be2 O-O 9. O-O Qe8 10. h3 Qg6 11. Nh4 Qg3 12. Nxf5 Nxf5 13. Rf3 Qg6 14. Bf2 fxe5 15. fxe5 Qh6 16. Nd2 Bh4 17. Qe1 Nce7 18. Bd3 Bxf2+ 19. Qxf2 Nh4 20. Rxf8+ Rxf8 21. Qe2 c5 22. dxc5 Nc6 23. Bb5 Qg5 24. Bxc6 bxc6 25. Rf1 Rxf1+ 26. Kxf1 Nf5 27. Kg1 Ng3 28. Qe1 h5 29. b4 h4 30. Nf3 Qf4 31. a4 Qc4 32. Nd4 1/2-1/2

[Variant "Standard"]
[Site "Europe Echecs"]

[Event "Open Cappelle-la-Grande"]
[Date "2025.02.19"]
[White "Belkaid, Sohan"]
[Black "Boyer, Mahel"]
[WhiteElo "2370"]
[BlackElo "2509"]
[Round "7.7.3"]
[Result "0-1"]
[TimeControl "40/5400+30:1800+30"]

1. e4 Nc6 2. Nf3 d6 3. d4 Nf6 4. Nc3 e6 5. h3 Be7 6. Be3 O-O 7. d5 exd5 8. exd5 Ne5 9. Nd4 Re8 10. a4 c5 11. Nb3 Nfd7 12. Be2 Bg5 13. Bc1 Bxc1 14. Qxc1 c4 15. Nd4 Qb6 16. Nf5 Nf6 17. Ne3 Bd7 18. O-O Qd4 19. Ra3 a6 20. a5 Rac8 21. Qd1 Qf4 22. g3 Qh6 23. h4 g5 24. hxg5 Qxg5 25. Ng2 Ng6 26. Qc1 Qf5 27. Qh6 Qxc2 28. Ne3 Qxb2 29. Rfa1 Qb4 30. Kg2 Re5 31. Na4 Qxa5 32. Nb2 Qd2 33. Nbxc4 Qxe2 34. Nxe5 dxe5 35. R1a2 Qe1 36. Ra1 Qb4 37. Qg5 Nxd5 38. Nf5 Qe4+ 39. Rf3 Bxf5 40. Qxf5 Ndf4+ 0-1

[Variant "Standard"]
[Site "Europe Echecs"]

[Event "Open Cappelle-la-Grande"]
[Date "2025.02.19"]
[White "Muthaiah AL"]
[Black "Sorensen, Hampus"]
[WhiteElo "2474"]
[BlackElo "2430"]
[Round "7.7.4"]
[Result "1/2-1/2"]
[TimeControl "40/5400+30:1800+30"]

1. d4 Nf6 2. Bf4 d5 3. e3 c5 4. Nf3 Nc6 5. Nbd2 cxd4 6. exd4 a6 7. c3 Bf5 8. Be2 h6 9. Ne5 e6 10. Nxc6 bxc6 11. Qa4 Qd7 12. b4 Ne4 13. Nxe4 Bxe4 14. O-O 1/2-1/2

[Variant "Standard"]
[Site "Europe Echecs"]

[Event "Open Cappelle-la-Grande"]
[Date "2025.02.19"]
[White "Nikolov, Momchil"]
[Black "Tahay, Alexis"]
[WhiteElo "2433"]
[BlackElo "2386"]
[Round "7.7.5"]
[Result "0-1"]
[TimeControl "40/5400+30:1800+30"]

1. e4 c5 2. Nf3 d6 3. d4 cxd4 4. Nxd4 Nf6 5. Nc3 a6 6. h3 e5 7. Nb3 Be7 8. g4 h6 9. Be3 Nbd7 10. Qf3 b5 11. a4 b4 12. Nd5 Nxd5 13. exd5 Nf6 14. O-O-O Qd7 15. a5 Bb7 16. Kb1 Rc8 17. Rg1 Qc7 18. Rd2 Nxd5 19. Rxd5 Qxc2+ 20. Ka2 Qc6 21. Bb5 axb5 22. Rgd1 O-O 23. Qg3 Ra8 24. R5d2 Qc7 25. f3 Rxa5+ 0-1

[Variant "Standard"]
[Site "Europe Echecs"]

[Event "Open Cappelle-la-Grande"]
[Date "2025.02.19"]
[White "Pranesh M"]
[Black "Akhvlediani, Irakli"]
[WhiteElo "2586"]
[BlackElo "2369"]
[Round "7.7.6"]
[Result "1/2-1/2"]
[TimeControl "40/5400+30:1800+30"]

1. e4 c5 2. Nc3 Nc6 3. Nge2 g6 4. d4 cxd4 5. Nxd4 Bg7 6. Be3 Nf6 7. Bc4 Qa5 8. O-O O-O 9. h3 d6 10. Bb3 Bd7 11. Qd3 Rac8 12. f4 Nxd4 13. Bxd4 Bc6 14. e5 Nh5 15. Rae1 Rcd8 16. Qe3 dxe5 17. fxe5 Ng3 18. Rxf7 Rxf7 19. Bxf7+ Kxf7 20. Qxg3 Kg8 21. Qe3 Qb4 22. Bc5 Qxb2 23. Re2 Rd7 24. Rf2 e6 25. Kh2 b5 26. a3 h6 27. h4 a5 28. Qg3 Kh7 29. h5 gxh5 30. Bd6 b4 31. axb4 axb4 32. Ne2 Qxc2 33. Nd4 Qc4 34. Rf4 Qd5 35. Nxc6 Qxc6 36. Qd3+ Kh8 37. Qg6 Rxd6 38. exd6 Qxd6 39. g3 Qd2+ 40. Kh3 Qd1 41. Qe4 b3 42. Qa8+ Kh7 43. Qe4+ Kh8 44. Qa8+ Kh7 45. Qe4+ 1/2-1/2

[Variant "Standard"]
[Site "Europe Echecs"]

[Event "Open Cappelle-la-Grande"]
[Date "2025.02.19"]
[White "Degraeve, Remy"]
[Black "Girel, Joseph"]
[WhiteElo "2371"]
[BlackElo "2484"]
[Round "7.7.7"]
[Result "1/2-1/2"]
[TimeControl "40/5400+30:1800+30"]

1. e4 e6 2. d4 d5 3. e5 c5 4. c3 Nc6 5. Nf3 Bd7 6. Be2 Rc8 7. O-O cxd4 8. cxd4 Nge7 9. Nc3 Nf5 10. Re1 a6 11. Bd3 Ncxd4 12. Nxd4 Nxd4 13. Qg4 Nc6 14. Bg5 Qc7 15. Qg3 h6 16. Bd2 g5 17. Rac1 Bg7 18. f4 Qb6+ 19. Be3 Qd8 20. Na4 d4 21. Bd2 Nxe5 22. Rxc8 Qxc8 23. fxe5 Bxa4 24. h4 Bb5 25. hxg5 Bxd3 26. gxh6 Bf8 27. Qxd3 Bxh6 28. Bxh6 Rxh6 29. Qxd4 Kf8 30. Rf1 Kg7 31. Qe3 Qd7 32. Rf3 Qd1+ 33. Rf1 Rh1+ 34. Kxh1 Qxf1+ 35. Kh2 Kg6 36. Qe4+ Qf5 37. Qxb7 Qxe5+ 38. Kh1 a5 39. Qa8 Qe1+ 40. Kh2 Qh4+ 41. Kg1 Qe1+ 42. Kh2 e5 43. Qg8+ Kf6 44. Qd8+ Kf5 45. Qd7+ Kg6 46. Qg4+ Kf6 47. Qf3+ Ke7 48. Qb7+ Kf8 49. Qc8+ Kg7 50. Qg4+ Kf6 51. Qf3+ Ke7 52. Qb7+ Kf6 1/2-1/2

[Variant "Standard"]
[Site "Europe Echecs"]

[Event "Open Cappelle-la-Grande"]
[Date "2025.02.19"]
[White "Suleymenov, Alisher"]
[Black "Zylka, Stanislaw"]
[WhiteElo "2481"]
[BlackElo "2346"]
[Round "7.7.8"]
[Result "1-0"]
[TimeControl "40/5400+30:1800+30"]

1. d4 d5 2. c4 e6 3. Nc3 h6 4. Nf3 Nf6 5. a3 b6 6. Bf4 Bd6 7. Be5 dxc4 8. Bxf6 Qxf6 9. e4 Qd8 10. e5 Be7 11. Bxc4 O-O 12. O-O Bb7 13. d5 exd5 14. Nxd5 Nc6 15. Ba2 a5 16. Qc2 Kh8 17. Rad1 Qc8 18. Bb1 g6 19. e6 Qxe6 20. Rfe1 Qg4 21. Qc3+ Kg8 22. Rxe7 1-0

[Variant "Standard"]
[Site "Europe Echecs"]

[Event "Open Cappelle-la-Grande"]
[Date "2025.02.19"]
[White "Eugene, Floryan"]
[Black "Johnson, Donald"]
[WhiteElo "2468"]
[BlackElo "2337"]
[Round "7.7.9"]
[Result "1-0"]
[TimeControl "40/5400+30:1800+30"]

1. e4 c5 2. Nf3 d6 3. d4 cxd4 4. Nxd4 Nf6 5. Nc3 a6 6. g3 e5 7. Nb3 Be7 8. Bg5 Be6 9. Bxf6 Bxf6 10. Qd3 Be7 11. O-O-O Nd7 12. f4 Nf6 13. f5 Bd7 14. Qf3 b5 15. a3 Bc6 16. g4 Nd7 17. Kb1 Rc8 18. Qg3 Bh4 19. Qe3 Bg5 20. Qe1 Bh4 21. Qd2 Nf6 22. Qe2 O-O 23. Rg1 Qb6 24. Rg2 b4 25. axb4 Qxb4 26. g5 Nxe4 27. Rg4 Nxc3+ 28. bxc3 Qxc3 29. Rxh4 Bf3 30. Qd2 Bxd1 31. Qxd1 e4 32. Rxe4 Rfe8 33. Qe2 Rxe4 34. Qxe4 d5 35. Qd3 Qe1+ 36. Kb2 a5 37. g6 a4 38. gxf7+ Kf8 39. Qd2 Qe7 40. Nd4 Kxf7 41. Qa5 Qe5 42. Qxa4 Kg8 43. Bb5 Rb8 44. Ka2 Qxh2 45. Qa7 Rf8 46. Qe7 Qg1 47. Qe6+ Kh8 48. Qxd5 Qg5 49. Qd6 Rd8 50. Qc6 Qg1 51. Nb3 Qa7+ 52. Kb2 Qe7 53. Qe6 Qf6+ 54. Qxf6 gxf6 55. c4 h5 56. c5 h4 57. Bf1 Kg7 58. c6 Rc8 59. Nd4 Kh6 60. Bh3 Kg7 61. Ne6+ Kf7 62. c7 Ke7 63. Bf1 Kd7 64. Bb5+ Kd6 65. Ba6 Rxc7 66. Nxc7 Ke5 67. Kc3 Kxf5 68. Kd3 Kf4 69. Ke2 Kg3 70. Bb7 f5 71. Ne6 f4 72. Ng5 Kg4 73. Ne4 f3+ 74. Kf2 h3 75. Nd2 Kf4 76. Bxf3 h2 77. Bh1 Kf5 78. Ke3 Ke5 79. Be4 h1=N 80. Bxh1 Kd6 81. Kd4 Ke6 82. Be4 Kd6 83. Bd5 Ke7 84. Ke5 Kd7 85. Nc4 Ke7 86. Be6 Ke8 87. Ne3 Ke7 88. Nf5+ Ke8 89. Kd6 Kf8 90. Bd5 Ke8 91. Nh6 Kf8 92. Nf7 Kg7 93. Ke6 Kg6 94. Bf3 Kg7 95. Be4 Kf8 96. Kf6 Kg8 97. Bf5 Kf8 98. Bh7 Ke8 99. Ne5 Kd8 100. Ke6 Kc7 101. Nd7 Kc6 102. Bd3 Kc7 103. Be4 Kd8 104. Kd6 Kc8 105. Nc5 Kd8 106.
Bg6 Kc8 107. Bf7 Kd8 108. Nb7+ Kc8 109. Kc6 Kb8 110. Kb6 Kc8 111. Be6+ Kb8 112. Nc5 Ka8 113. Bd7 Kb8 114. Na6+ Ka8 115. Bc6# 1-0

[Variant "Standard"]
[Site "Europe Echecs"]

[Event "Open Cappelle-la-Grande"]
[Date "2025.02.19"]
[White "Zienkiewicz, Jan"]
[Black "Flom, Gabriel"]
[WhiteElo "2345"]
[BlackElo "2455"]
[Round "7.7.10"]
[Result "0-1"]
[TimeControl "40/5400+30:1800+30"]

1. e4 c5 2. Nf3 e6 3. d4 cxd4 4. Nxd4 Nc6 5. Nc3 Qc7 6. Be3 a6 7. g4 Nxd4 8. Qxd4 b5 9. O-O-O Bb7 10. Kb1 Nf6 11. Be2 h6 12. h4 Rc8 13. Qd3 Bb4 14. f3 Bxc3 15. bxc3 Qxc3 16. Qxc3 Rxc3 17. Bd4 Rc8 18. Be5 d5 19. g5 Nh5 20. Rdg1 f6 21. gxf6 gxf6 22. f4 fxe5 23. Bxh5+ Kd8 24. f5 exf5 25. exf5 d4 26. Rh2 Rf8 27. Rf2 Rc5 28. Rg7 Bc8 29. Bg6 Rc7 30. f6 Be6 31. f7 Ke7 32. Rh7 Rc6 33. h5 Bd5 34. Rf5 Re6 35. Rxh6 Bc4 36. Kc1 e4 37. Rf4 Bd5 38. Kd1 b4 39. Rh7 Rf6 40. Rg4 Rf1+ 41. Kd2 e3+ 42. Ke2 Bc4+ 43. Bd3 Rf2+ 44. Ke1 Bxd3 45. cxd3 R8xf7 46.
Rxf7+ Kxf7 47. Rxd4 a5 48. Rd7+ Ke6 49. Rb7 Rxa2 50. Rb5 Kf6 51. d4 a4 52.
Rb6+ Kg7 53. Rb7+ Kh6 54. Rxb4 a3 55. d5 Rb2 56. Ra4 a2 57. d6 Rb1+ 0-1

[Variant "Standard"]
[Site "Europe Echecs"]

[Event "Open Cappelle-la-Grande"]
[Date "2025.02.19"]
[White "Petriashvili, Nikoloz"]
[Black "Meillon, Judicael"]
[WhiteElo "2450"]
[BlackElo "2321"]
[Round "7.7.11"]
[Result "1/2-1/2"]
[TimeControl "40/5400+30:1800+30"]

1. Nf3 Nf6 2. g3 b6 3. Bg2 Bb7 4. O-O g6 5. c4 Bg7 6. Nc3 O-O 7. Re1 Ne4 8. Nxe4 Bxe4 9. d3 Bb7 10. e4 c5 11. d4 cxd4 12. Nxd4 Nc6 13. Be3 Rc8 14. Rc1 d6 15. h4 Qd7 16. h5 Bxd4 17. Bxd4 Nxd4 18. Qxd4 Qg4 19. hxg6 hxg6 20. Rc3 Rc7 21. b3 Rfc8 22. Bf3 Qe6 23. Rce3 Rc5 24. a4 R8c7 25. Be2 Re5 26. Bd1 Qh3 27. Be2 Qe6 28. Bf3 Rec5 29. Kg2 Qe5 30. Qd2 a6 31. Rd3 b5 32. cxb5 axb5 33. axb5 Rxb5 34. Qf4 Qxf4 1/2-1/2

[Variant "Standard"]
[Site "Europe Echecs"]

[Event "Open Cappelle-la-Grande"]
[Date "2025.02.19"]
[White "Duboue, Peio"]
[Black "Dessyn, Timothee"]
[WhiteElo "2440"]
[BlackElo "2283"]
[Round "7.7.12"]
[Result "1-0"]
[TimeControl "40/5400+30:1800+30"]

1. d4 Nf6 2. g3 d5 3. Bg2 e6 4. Nf3 b5 5. O-O Nbd7 6. a4 b4 7. a5 Ba6 8. Re1 Be7 9.
Nbd2 O-O 10. e4 c6 11. e5 Ne8 12. h4 h6 13. Nf1 Rb8 14. N1h2 Rb5 15. Bf4 Rxa5 16. Qd2 Bb5 17. Rxa5 Qxa5 18. Bh3 Qd8 19. Kg2 a5 20. b3 Nb6 21. Bxh6 gxh6 22. Qxh6 Ng7 23. Ng5 Bxg5 24. hxg5 Re8 25. Ng4 Nf5 26. Qh5 Kf8 27. Nf6 Nxd4 28. g6 Ke7 29. Nxe8 fxg6 30. Qh4+ Kxe8 31. Qxd4 Kd7 32. Ra1 Nc8 33. Qg4 Qe8 34. Rxa5 Qf7 35. Qxb4 Kc7 36. c4 1-0

[Variant "Standard"]
[Site "Europe Echecs"]

[Event "Open Cappelle-la-Grande"]
[Date "2025.02.19"]
[White "Froeyman, Helmut"]
[Black "Bacrot, Alexandre"]
[WhiteElo "2274"]
[BlackElo "2423"]
[Round "7.7.13"]
[Result "0-1"]
[TimeControl "40/5400+30:1800+30"]

1. e4 d6 2. d4 Nf6 3. Nc3 g6 4. Nf3 Bg7 5. Be2 O-O 6. O-O c5 7. d5 e6 8. h3 exd5 9. exd5 Re8 10. Re1 a6 11. a4 b6 12. Be3 Rxe3 13. fxe3 Nbd7 14. Qd2 Qe7 15. Rab1 Bb7 16. e4 Ne8 17. Nd1 Nc7 18. c3 Re8 19. Nf2 Ne5 20. Qf4 Nxf3+ 21. Qxf3 a5 22. Bd3 h5 23. Rbd1 Qd7 24. Ra1 Re7 25. Bc4 Qe8 26. Nd3 Qd8 27. Qf2 Ne8 28. Rad1 Bc8 29. Bb5 Nc7 30. Bc4 Ne8 31. Bb5 Bd7 32. Bxd7 Qxd7 33. Qc2 c4 34. Nf2 Nc7 35. b3 Na6 36. bxc4 Nc5 37. Nd3 Nxe4 38. Rxe4 Rxe4 39. Nc5 bxc5 40. Qxe4 Qxa4 41. Rf1 Qd7 42. Re1 Be5 43. Qc2 Qd8 44. Qa4 Kg7 45. Rxe5 dxe5 46. Qc6 a4 47. Qxa4 e4 48. Qd1 Qd6 49. Qd2 f5 50. Qg5 f4 51. Kf2 Qf6 52. Qxf6+ Kxf6 53. g3 fxg3+ 54. Kxg3 g5 55. Kf2 h4 56. Ke3 Ke5 57. d6 Kxd6 58. Kxe4 Ke6 59. Kf3 Kf5 60. Ke3 g4 61. hxg4+ Kxg4 62. Kf2 Kf4 63. Kg2 Ke4 64. Kh3 Kd3 65. Kxh4 Kxc4 0-1

[Variant "Standard"]
[Site "Europe Echecs"]

[Event "Open Cappelle-la-Grande"]
[Date "2025.02.19"]
[White "Terekhov, Andrey"]
[Black "Wirig, Anthony"]
[WhiteElo "2265"]
[BlackElo "2419"]
[Round "7.7.14"]
[Result "0-1"]
[TimeControl "40/5400+30:1800+30"]

1. d4 d5 2. Nf3 Nf6 3. c4 e6 4. g3 Be7 5. Bg2 O-O 6. O-O Nbd7 7. Nc3 dxc4 8. e4 b5 9. Nxb5 Bb7 10. Ng5 h6 11. e5 Bxg2 12. Kxg2 hxg5 13. exf6 Nxf6 14. Nc3 Nd5 15. Ne4 f5 16. Nd2 Nb4 17. a3 Qd5+ 18. f3 Nc6 19. Qe2 Nxd4 20. Qxc4 Bf6 21. Rb1 g4 22. Qxd5 exd5 23. fxg4 fxg4 24. b4 Rae8 25. Rf2 Nc2 26. Nb3 Ne1+ 27. Kh1 Nd3 28. Rf1 Re2 29. Bf4 Rfe8 30. Nc1 Nxf4 31. gxf4 Rc2 32. Rb3 Bc3 33. Nd3 Ree2 34. Rf2 d4 35. Kg1 Rxf2 36. Nxf2 Kf7 37. Kf1 Ke6 38. Nxg4 Kf5 39. Nf2 Kxf4 40. Rb1 Kf3 41. Nd3 Rxh2 42. Ne5+ Ke4 0-1

[Variant "Standard"]
[Site "Europe Echecs"]

[Event "Open Cappelle-la-Grande"]
[Date "2025.02.19"]
[White "Ringuet, Noe"]
[Black "Kanov, Nikola"]
[WhiteElo "2239"]
[BlackElo "2405"]
[Round "7.7.15"]
[Result "0-1"]
[TimeControl "40/5400+30:1800+30"]

1. d4 Nf6 2. Bf4 g6 3. Nc3 Bg7 4. e4 d6 5. Qd2 c6 6. O-O-O b5 7. f3 b4 8. Nce2 a5 9. Bh6 Bxh6 10. Qxh6 Qc7 11. g4 a4 12. Kb1 a3 13. b3 c5 14. h4 Ba6 15. h5 Rg8 16. hxg6 hxg6 17. Qe3 g5 18. e5 Nd5 19. Qe4 Bb7 20. exd6 Qxd6 21. Qh7 Nf6 22. Qf5 Nbd7 23. Rh6 e6 24. Qd3 Nd5 25. c4 bxc3 26. Nxc3 Ba6 27. Qd2 Nxc3+ 28. Qxc3 Bxf1 29. Rxf1 cxd4 30. Rd1 dxc3 31. Rxd6 Ke7 32. Rd3 Rgc8 33. Kc2 Nb6 34. Ne2 Nd5 35. Rd4 Rd8 36. Rh5 Rac8 37. Rxg5 Nb4+ 38. Rxb4 Rd2+ 39. Kc1 Rxe2 40.
Ra4 c2 41. Rc4 Rd8 42. Rc7+ Kf6 0-1

[Variant "Standard"]
[Site "Europe Echecs"]

[Event "Open Cappelle-la-Grande"]
[Date "2025.02.19"]
[White "Dobrowolski, Victor"]
[Black "Travadon, Loic"]
[WhiteElo "1910"]
[BlackElo "2401"]
[Round "7.7.16"]
[Result "0-1"]
[TimeControl "40/5400+30:1800+30"]

1. d4 Nf6 2. Nc3 d5 3. Bg5 e6 4. e4 Bb4 5. e5 h6 6. Bxf6 gxf6 7. Nf3 Nd7 8. exf6 Qxf6 9. a3 Be7 10. Qd2 c6 11. Ne2 Bd6 12. Ng3 h5 13. Qg5 Qxg5 14. Nxg5 h4 15. Ne2 Ke7 16. Nf3 f6 17. Nd2 b5 18. Nb3 a5 19. Nbc1 e5 20. Nd3 Nf8 21. Kd2 Ne6 22. c3 e4 23. Ne1 f5 24. Nc2 f4 25. b3 a4 26. Nc1 Bd7 27. Nb4 h3 28. g3 Raf8 29. bxa4 bxa4 30. Ne2 fxg3 31. fxg3 Ng5 32. c4 Rf3 33. Nc3 Rf2+ 34. Ke3 Rhf8 35. Be2 dxc4 36. Raf1 Rxf1 37. Rxf1 Rxf1 38. Bxf1 Nf3 39. Bxh3 Bxb4 40. Bxd7 Bxc3 41. Bxc6 Nxd4 42. Bxa4 Nb3 43.
Bb5 Nd2 44. g4 Ba5 45. h4 c3 46. Ba4 Bb6+ 47. Ke2 Nf3 48. h5 Nd4+ 49. Kd1 e3 50. h6 Bc7 51. Bb5 c2+ 52. Kc1 Ba5 0-1

[Variant "Standard"]
[Site "Europe Echecs"]

[Event "Open Cappelle-la-Grande"]
[Date "2025.02.19"]
[White "Carnicelli, Valerio"]
[Black "Pinson, Luc"]
[WhiteElo "2378"]
[BlackElo "1692"]
[Round "7.7.17"]
[Result "1-0"]
[TimeControl "40/5400+30:1800+30"]

1. e4 e5 2. Nf3 Nc6 3. Bb5 d6 4. c3 Bd7 5. O-O Nf6 6. Re1 Be7 7. d4 O-O 8. h3 Qc8 9. Nbd2 a6 10. Bxc6 bxc6 11. dxe5 Nh5 12. Nf1 dxe5 13. Nxe5 Nf6 14. Nxd7 Nxd7 15. Ng3 Ne5 16. Nf5 Qe6 17. f4 Bc5+ 18. Nd4 Nd7 19. Kh1 Bxd4 20. f5 Qd6 21. cxd4 Rfd8 22. e5 Qd5 23. Qg4 Nf8 24. Bg5 Re8 25. Bf6 Ng6 26. fxg6 gxf6 27. gxh7+ Kh8 28. exf6 1-0

[Variant "Standard"]
[Site "Europe Echecs"]

[Event "Open Cappelle-la-Grande"]
[Date "2025.02.20"]
[White "Iniyan, Pa"]
[Black "Tahay, Alexis"]
[WhiteElo "2523"]
[BlackElo "2386"]
[Round "8.8.1"]
[Result "1-0"]
[TimeControl "40/5400+30:1800+30"]

1. d4 Nf6 2. c4 e6 3. Nc3 Bb4 4. e3 O-O 5. Bd3 d5 6. cxd5 exd5 7. a3 Bd6 8. Nge2 Re8 9. Qc2 c6 10. Bd2 Nbd7 11. f3 c5 12. O-O a6 13. Kh1 g6 14. Qb1 Nh5 15. Qe1 Ndf6 16. Qh4 Ng7 17. g4 Be7 18. Qf2 h5 19. g5 Nh7 20. h4 cxd4 21. Nxd4 Bc5 22. Nce2 Nf8 23. Rad1 Nfe6 24. Bc3 Nxd4 25. Nxd4 Qd7 26. Rfe1 Qh3+ 27. Qh2 Bd6 28. Qxh3 Bxh3 29. Re2 Re7 30. Bb4 Bxb4 31. axb4 Rae8 32. Rde1 Bf5 33. Bxf5 Nxf5 34. Nxf5 gxf5 35. Kg2 Kg7 36. Kf2 f6 37. f4 fxg5 38. hxg5 h4 39. Rd1 Rd8 40. Red2 Red7 41. Kf3 Kg6 42. Rh1 Rh8 43. Rdh2 Rdh7 44. Ke2 d4 45. exd4 Rd8 46. Kd3 Rhd7 47. Rxh4 Rxd4+ 48. Kc3 Rd3+ 49. Kc2 Rd2+ 50. Kc1 R2d7 51. Rh6+ Kg7 52. Rh7+ Kg8 53. Rh8+ Kg7 54. R1h7+ Kg6 55. Rh6+ Kg7 56. R8h7+ Kg8 57. Rxd7 Rxd7 58. Rf6 Rd4 59. Rxf5 Rxb4 60. Kc2 b6 61. Rf6 Kg7 62. f5 Rf4 63. Kd3 a5 64. Rg6+ Kf7 65. Rxb6 Rxf5 66. Rf6+ Rxf6 67. gxf6 a4 68. Kc4 a3 69. bxa3 Kxf6 70. Kd5 Ke7 71. Kc6 Kd8 72. Kb7 1-0

[Variant "Standard"]
[Site "Europe Echecs"]

[Event "Open Cappelle-la-Grande"]
[Date "2025.02.20"]
[White "Boyer, Mahel"]
[Black "Suleymenov, Alisher"]
[WhiteElo "2509"]
[BlackElo "2481"]
[Round "8.8.2"]
[Result "1-0"]
[TimeControl "40/5400+30:1800+30"]

1. Nf3 d5 2. b3 c5 3. e3 Nf6 4. Bb2 e6 5. Bb5+ Nbd7 6. O-O Be7 7. a4 O-O 8. d4 a6 9. Bd3 b6 10. Nbd2 Bb7 11. Qe2 Ne4 12. Rfd1 cxd4 13. exd4 f5 14. c4 Bd6 15. Ne5 Qh4 16. Ndf3 Qe7 17. Nxd7 Qxd7 18. Ne5 Qe7 19. a5 bxa5 20. Rxa5 Qd8 21. Qe1 Bc7 22. Ra3 Rf6 23. Bf1 Bd6 24. c5 Bxe5 25. dxe5 Rg6 26. b4 f4 27. f3 Ng5 28. Bd4 Nf7 29. Rda1 Nh6 30. b5 Nf5 31. Bf2 axb5 32. Rxa8 Bxa8 33. Qa5 Qxa5 34. Rxa5 Bc6 35. Ra6 Ne7 36. Bh4 Nf5 37. Rxc6 Nxh4 38. Kf2 Kf7 39. Rd6 Nf5 40. c6 Ne7 41. c7 1-0

[Variant "Standard"]
[Site "Europe Echecs"]

[Event "Open Cappelle-la-Grande"]
[Date "2025.02.20"]
[White "Bauer, Christian"]
[Black "Carnicelli, Valerio"]
[WhiteElo "2548"]
[BlackElo "2378"]
[Round "8.8.3"]
[Result "1/2-1/2"]
[TimeControl "40/5400+30:1800+30"]

1. d4 Nf6 2. Nf3 g6 3. Nc3 d5 4. Bf4 Bg7 5. Nb5 Na6 6. e3 O-O 7. h3 Ne4 8. c3 f6 9. Be2 c6 10. Na3 e5 11. Bh2 Qe7 12. Rc1 Nc7 13. O-O b5 14. Nc2 Bb7 15. Nce1 Nd6 16. b3 e4 17. Nd2 f5 18. c4 g5 19. c5 Nf7 20. a4 a6 21. b4 f4 22. Nb3 Ne6 23. Na5 Nh6 24. Nc2 Nf5 25. Bg4 Rf6 26. axb5 axb5 27. f3 Raf8 28. Nxb7 Qxb7 29. fxe4 dxe4 30. exf4 gxf4 31. Qe2 e3 32. Rcd1 R6f7 33. Bxf4 Nxf4 34. Rxf4 Ng3 35. Qxe3 Rxf4 36. Qxg3 Qb8 37. Qe3 Kh8 38. Re1 Qd8 39. Kh2 Rf2 40. Re2 Rf1 41. Qe7 Bxd4 42. Nxd4 Qxd4 43. Qe5+ Qxe5+ 44. Rxe5 R1f4 45. Bf3 R8f6 46.
Re8+ Kg7 47. Rc8 Rxb4 48. Bxc6 Rb2 49.
Bd5 Rf5 50. Be4 Re5 51. Bf3 b4 52. c6 Rc5 53. Rc7+ Kg6 54. Be4+ Kf6 55. Rxh7 b3 56. Rb7 Ke5 57. Bf3 Rc3 58. Bd1 Rb1 59. Bf3 b2 60. h4 Kd6 61. h5 Rc5 62. Kg3 Rc2 63. Be4 Rc3+ 64. Kh2 Re1 65. Bg6 Kxc6 66. Rxb2 Rcc1 67. Kg3 Rh1 68. Kg4 Rc5 69. Rf2 Kd6 70. Bf5 Ke7 71. Kg5 Rh2 72. Kh6 Rxf5 73. Rxf5 Rxg2 74. Kh7 Rg1 75. h6 Rg2 76. Ra5 Kf7 77. Ra7+ Kf8 78. Rg7 Rf2 79. Rg4 Kf7 80. Ra4 Rg2 81. Ra1 Rg3 82. Ra7+ Kf8 83. Rg7 Rf3 84. Kg6 Rg3+ 85. Kf6 Rxg7 86. hxg7+ Kg8 87. Kg6 1/2-1/2

[Variant "Standard"]
[Site "Europe Echecs"]